 Dungeon Crawl Stone Soup version 0.30-a0-937-ga0a21ad780 (webtiles) character file.

Game seed: 3634339315346543174

9223 vineage the Fighter (level 11, -5/74 HPs)
             Began as a Gargoyle Fighter on Mar 24, 2023.
             Was a High Priest of Okawaru.
             Slain by a death yak (16 damage)
             ... on level 10 of the Dungeon.
             The game lasted 00:11:19 (9215 turns).

vineage the Fighter (Gargoyle Fighter)              Turns: 9215, Time: 00:11:19

Health: -5/74      AC: 24    Str: 22    XL:     11   Next: 43%
Magic:  13/13      EV: 13    Int:  9    God:    Okawaru [*****.]
Gold:   559        SH:  7    Dex: 11    Spells: 10/10 levels left

rFire   . . .      SeeInvis .    F - +0 morningstar
rCold   + . .      Faith    .    c - +1 buckler
rNeg    + . .      Spirit   .    v - +0 chain mail
rPois   ∞          Reflect  .    I - +0 helmet
rElec   +          Rampage  .    (no cloak)
rCorr   .                        w - +0 pair of gloves
Will    .....                    z - +1 pair of boots Stlth
                                 (no amulet)
HPRegen 0.32/turn                H - +5 ring of evasion
MPRegen 0.13/turn                m - ring of protection from cold

@: about to teleport
A: sickness immunity, AC +8, negative energy resistance 1, electricity
resistance, torment resistance 1, petrification resistance
a: Renounce Religion, Heroism, Finesse, Duel


You were on level 10 of the Dungeon.
You worshipped Okawaru.
Okawaru was extremely pleased with you.
You visited 2 branches of the dungeon, and saw 11 of its levels.

You collected 559 gold pieces.

Inventory:

Hand Weapons
 F - a +0 morningstar (weapon)
Armour
 c - a +1 buckler (worn)
 v - a +0 chain mail (worn)
 w - a +0 pair of gloves (worn)
 z - a +1 pair of boots (worn)
 I - a +0 helmet (worn)
Jewellery
 b - a ring of positive energy
 h - a ring of willpower
 l - a ring of resist corrosion
 m - a ring of protection from cold (right hand)
 y - a ring of fire
 A - a +6 ring of intelligence
 H - a +5 ring of evasion (left hand)
Wands
 s - a wand of flame (44)
 D - a wand of digging (4)
 E - a wand of paralysis (10)
 G - a wand of mindburst (3)
Scrolls
 a - a scroll of identify
 i - 4 scrolls of enchant armour
 o - a scroll of enchant weapon
 p - 3 scrolls of fear
 C - 3 scrolls of teleportation
Potions
 d - a potion of might
 e - 3 potions of haste
 f - a potion of flight
 g - a potion of resistance
 j - 6 potions of mutation
 k - 5 potions of curing
 n - a potion of berserk rage
 q - 2 potions of lignification
 r - a potion of magic {unknown}
 u - 2 potions of attraction
 x - 2 potions of brilliance
 B - 2 potions of ambrosia {unknown}


   Skills:
 * Level 11.5 Fighting
 * Level 10.3 Maces & Flails
 + Level 8.3 Armour
 + Level 8.4 Shields
 - Level 2.9 Invocations


You had 10 spell levels left.
You didn't know any spells.
Your spell library contained the following spells:

 Spells                   Type           Power      Damage    Failure   Level
 Apportation              Tloc           0%         N/A       98%         1
 Alistair's Intoxication  Tmut/Pois      0%         N/A       100%        5


Dungeon Overview and Level Annotations

Branches:
Dungeon (10/15)            Temple (1/1) D:4             Orc (0/2) D:10
   Lair: D:8-11

Altars:
Ashenzari
Cheibriados
Dithmenos
Elyvilon
Gozag
Hepliaklqana
Makhleb
Nemelex Xobeh
Okawaru
Qazlal
Ru
Sif Muna
Trog
Uskayaw
Wu Jian
Xom
Yredelemnul
Zin
The Shining One

Shops:
D:4 (   D:5 :


Innate Abilities, Weirdness & Mutations

You are immune to sickness and miasma.
Your stone body is resilient. (AC +8)
You are immune to poison.
You resist negative energy. (rN+)
You are resistant to electric shocks. (rElec)
You are resistant to unholy torment.
You are immune to petrification.


Message History

The death yak barely misses you.
You puncture the death yak!
The death yak is severely wounded.
You barely miss the death yak.
The death yak is severely wounded.
The death yak misses you.
You hit the death yak but do no damage.
The death yak is severely wounded.
You block the death yak's attack.
You puncture the death yak!
The death yak is almost dead.
You block the death yak's attack.
You sock the death yak!
The death yak is almost dead.
The death yak barely misses you.
You barely miss the death yak.
The death yak is almost dead.
The death yak misses you.
You barely miss the death yak.
The death yak is almost dead.
You bludgeon the death yak!!
You kill the death yak!
Okawaru is honoured by your kill.
You puncture the death yak!
The death yak is lightly wounded.
The death yak gores you!
Okay, then.
As you read the scroll of teleportation, it crumbles to dust.
You feel strangely unstable. The death yak gores you!
* * * LOW HITPOINT WARNING * * *
You feel better.
You feel like a meek peon again.
The death yak snorts and paws the ground.
The death yak gores you!
* * * LOW HITPOINT WARNING * * *
The death yak snorts and paws the ground.
The death yak attacks as you move away!
The death yak gores you but does no damage.
The death yak attacks as you move away! The death yak gores you!
You die...

.##..........)........
.##....................
......##......)...##....
......##....##....##....
............##..........
.................?.....
............##........
......###..O###..#.##.##
...........YYY.Y@.......
........########.#......
..... ..# ....# ..Y.
###. ..## ... .. ## Y
... .... .....


You could see 4 death yaks and a two-headed ogre.

Vanquished Creatures
  A two-headed ogre (D:8)
  2 death yaks (D:10)
  Maggie (D:9)
  A hornet (D:7)
  Grinder (D:5)
  A troll (D:9)
  14 yaks (D:9)
  A shadow (D:9)
  Eustachio (D:4)
  4 wyverns
  A warg (D:9)
  Duvessa (D:4)
  A water moccasin (D:7)
  6 orc warriors
  A sky beast (D:8)
  An ogre (D:6)
  A black bear (D:4)
  8 centaurs
  2 phantoms
  Blork the orc (D:5)
  2 kobold brigands (D:7)
  4 bullfrogs
  A gnoll sergeant (D:8)
  2 scorpions (D:4)
  Dowan (D:4)
  A howler monkey (D:8)
  6 orc priests
  4 hounds
  A gnoll bouda (D:3)
  3 iron imps (D:9)
  An iguana (D:6)
  10 orc wizards
  8 adders
  14 gnolls
  3 white imps
  An ufetubus (D:5)
  3 worms
  2 dart slugs (D:3)
  40 orcs
  6 endoplasms
  6 giant cockroaches
  9 goblins
  6 hobgoblins
  6 jackals
  8 quokkas
  2 training dummies (D:4)
  9 ball pythons
  5 bats
  6 frilled lizards
  11 kobolds
  5 rats
236 creatures vanquished.

Notes
Turn   | Place    | Note
-------+----------+-------------------------------------------
     0 | D:1      | vineage the Gargoyle Fighter began the quest for the Orb.
     0 | D:1      | Reached XP level 1. HP: 14/14 MP: 1/1
    76 | D:1      | Reached XP level 2. HP: 19/19 MP: 2/2
   506 | D:1      | Reached XP level 3. HP: 23/24 MP: 3/3
   682 | D:2      | Found a sparkling altar of Nemelex Xobeh.
   757 | D:2      | Reached skill level 4 in Fighting
   791 | D:2      | Reached XP level 4. HP: 29/29 MP: 4/4
  1478 | D:3      | Found a bloodstained altar of Trog.
  1491 | D:3      | Reached XP level 5. HP: 32/34 MP: 5/5
  2004 | D:4      | Noticed a black bear
  2012 | D:4      | Killed a black bear
  2017 | D:4      | Reached skill level 5 in Fighting
  2017 | D:4      | Reached XP level 6. HP: 29/40 MP: 6/6
  2345 | D:4      | Reached XP level 7. HP: 40/45 MP: 7/7
  2692 | D:4      | Reached skill level 6 in Fighting
  2692 | D:4      | Reached skill level 5 in Maces & Flails
  2864 | D:4      | Found a staircase to the Ecumenical Temple.
  2930 | Temple   | Entered the Ecumenical Temple
  3058 | Temple   | Became a worshipper of Warmaster Okawaru
  3089 | D:4      | Noticed Duvessa
  3089 | D:4      | Noticed Dowan
  3101 | D:4      | Killed Dowan
  3114 | D:4      | Killed Duvessa
  3115 | D:4      | Reached skill level 5 in Armour
  3115 | D:4      | Reached skill level 5 in Shields
  3115 | D:4      | Reached XP level 8. HP: 17/52 MP: 8/8
  3358 | D:4      | Found Xetron's Antique Weapon Emporium.
  3446 | D:5      | Entered Level 5 of the Dungeon
  3446 | D:5      | Noticed Eustachio
  3497 | D:4      | Killed Eustachio
  3593 | D:5      | Reached skill level 7 in Fighting
  3619 | D:5      | Reached * piety under Okawaru
  3640 | D:5      | Noticed Blork the orc
  3651 | D:5      | Killed Blork the orc
  3840 | D:5      | Noticed Grinder
  3864 | D:5      | Killed Grinder
  3943 | D:5      | Found a glowing silver altar of Zin.
  3943 | D:5      | Noticed an angel
  3975 | D:5      | Found Mumen's Vocational Training.
  4183 | D:5      | Found a sacrificial altar of Ru.
  4263 | D:6      | Reached XP level 9. HP: 37/59 MP: 9/9
  4388 | D:6      | Reached ** piety under Okawaru
  4389 | D:6      | Reached skill level 8 in Fighting
  4389 | D:6      | Reached skill level 1 in Invocations
  5218 | D:7      | Found a shimmering blue altar of Sif Muna.
  6136 | D:8      | Noticed a hornet
  6172 | D:7      | Killed a hornet
  6660 | D:8      | Reached skill level 9 in Fighting
  6779 | D:8      | Reached *** piety under Okawaru
  6803 | D:8      | Found a glowing golden altar of the Shining One.
  6823 | D:8      | Reached XP level 10. HP: 63/66 MP: 12/12
  7160 | D:8      | Paralysed by an orc warrior for 4 turns
  7463 | D:8      | Found a basalt altar of Yredelemnul.
  7518 | D:8      | Noticed a two-headed ogre
  7529 | D:8      | Killed a two-headed ogre
  7717 | D:8      | Found a white marble altar of Elyvilon.
  7954 | D:9      | Reached skill level 10 in Fighting
  8029 | D:9      | Reached **** piety under Okawaru
  8105 | D:9      | Found a shadowy altar of Dithmenos.
  8545 | D:9      | Reached XP level 11. HP: 70/73 MP: 13/13
  8595 | D:9      | Noticed Maggie
  8622 | D:9      | Killed Maggie
  8806 | D:9      | Found a burning altar of Makhleb.
  8883 | D:10     | Entered Level 10 of the Dungeon
  8890 | D:9      | Reached skill level 11 in Fighting
  8929 | D:9      | Reached skill level 10 in Maces & Flails
  9096 | D:9      | Reached ***** piety under Okawaru
  9155 | D:10     | Found a staircase to the Orcish Mines.
  9179 | D:10     | Noticed a death yak
  9179 | D:10     | Noticed a death yak
  9180 | D:10     | Noticed a death yak
  9189 | D:10     | Noticed a death yak
  9190 | D:10     | Noticed a death yak
  9191 | D:10     | Noticed a death yak
  9196 | D:10     | Noticed a two-headed ogre
  9197 | D:10     | Killed a death yak
  9209 | D:10     | Killed a death yak
  9215 | D:10     | Slain by a death yak

Illustrated notes

Levels and vault maps discovered:
D:1:      minmay_arrival_plants_in_alcoves, layout_basic
D:2:      layout_rooms, basic_altar, chequers_serial_rivers_micro_d,
          amcnicky_mini_corridor_feature, st_stairs_10, serial_park_tiny_1,
          uniq_crazy_yiuf_cottage
D:3:      layout_loops_corners, lemuel_round_altar
D:4:      dreamdust_elfheim, layout_cave_pools, minmay_temple_entry_poolview,
          serial_shops, nicolae_diamond_shop, dreamdust_gnoll_farm
D:5:      layout_rooms, zin_angel, nicolae_ru_path_of_blood,
          nicolae_shop_vocational, uniq_grinder, uniq_eustachio,
          uniq_blork_the_orc
D:6:      layout_basic
D:7:      layout_gridville, nicolae_sif_muna_condensation,
          hangedman_decor_opposing
D:8:      minmay_angry_zag, layout_cave_pods, kennysheep_ying_yang,
          general_overflow_altar, minmay_misc_feat_tiny, dk_rats_in_the_wall
D:9:      layout_rooms, demons_altar, mainiacjoe_overflow_small_starburst,
          uniq_maggie
D:10:     layout_rooms, amcnicky_altar_gilded, jmf_multi_god_temple,
          dpeg_lair_monsters, erik_orc_4, serial_shops,
          nicolae_shop_hallway_plus
Temple:   nicolae_temple_two_arcs

Skill      XL: |  1  2  3  4  5  6  7  8  9 10 11 |
---------------+----------------------------------+-----
Fighting       | 4 5 6 7 9 10 11 | 11.5
Maces & Flails | 3 4 5 6 8 9 10 | 10.3
Armour         | 4 5 6 7 8 |  8.3
Shields        | 4 5 6 8 |  8.4
Invocations    | 2 |  2.9

Action                     |  1- 3 |  4- 6 |  7- 9 | 10-12 || total
---------------------------+-------+-------+-------+-------++-------
  Melee: Flail             |   120 |   162 |   492 |    50 ||   824
         Morningstar       |       |       |       |   321 ||   321
 Invoke: Heroism           |       |       |     3 |     6 ||     9
    Use: Scroll            |       |    10 |    10 |     2 ||    22
         Potion            |       |       |     5 |     1 ||     6
 Armour: Scale mail        |   102 |    75 |       |       ||   177
         Chain mail        |       |    65 |   474 |   182 ||   721
  Dodge: Dodged            |    70 |    96 |   199 |   194 ||   559
  Block: Buckler           |    32 |    59 |   204 |   111 ||   406

Table legend: (Time is in decaauts)
 A = Elapsed time spent in this place.
 B = Non-inter-level travel time spent in this place.
 C = Inter-level travel time spent in this place.
 D = Time resting spent in this place.
 E = Time spent auto-exploring this place.
 F = Levels seen in this place.
 G = Mean time per level.
                   A        B        C        D        E       F      G
               +--------+--------+--------+--------+--------+-----+--------+
         Total |   9339 |   9065 |    274 |    893 |   6077 |  11 |  849.0 |
       Dungeon |   9201 |   8950 |    251 |    893 |   5971 |  10 |  920.1 |
        Temple |    137 |    114 |     23 |      0 |    106 |   1 |  137.0 |
               +--------+--------+--------+--------+--------+-----+--------+

Top non-repeatable levels by time:
     D:8: 1384 daAuts
     D:9: 1296 daAuts
     D:4: 1249 daAuts
     D:7: 1186 daAuts
     D:3: 1054 daAuts
     D:6: 1007 daAuts
     D:1: 691 daAuts
     D:5: 680 daAuts
     D:2: 512 daAuts
    D:10: 138 daAuts
  Temple: 137 daAuts
